Cape Breton Oilers vs Peoria Rivermen

Created - Friday, January 30, 2026 at 07:59

Goals
1 2 3 OT1 T
Cape Breton Oilers 0 0 2 0 2
Peoria Rivermen 2 0 0 1 3
Shots
1 2 3 OT1 T
Cape Breton Oilers 6 5 16 5 32
Peoria Rivermen 22 4 3 1 30

1st period

1. Peoria Rivermen , Colin Blackwell 4 (Yanni Gourde 10) at 2:14
2. Peoria Rivermen , Oskar Sundqvist 5 (Zachary Bolduc 5, Tyson Kozak 9) at 16:12

Penalties :
Patrick Maroon (CBO) for High sticking (Minor) at 3:45, Jalen Chatfield (PRM) for Holding (Minor) at 9:28, Tyler Tucker (PRM) for Interference (Minor) at 17:43

2nd period

No Goal

Penalties :
John Leonard (PRM) for Delaying the game (Minor) at 2:44

3rd period

3. Cape Breton Oilers , Patrick Maroon 8 (Conor Geekie 13, Damian Clara) at 0:53 (PP)
4. Cape Breton Oilers , Colin White 6 (Kevin Bahl 7, Wyatt Kaiser 8) at 12:03

Penalties :
Yanni Gourde (PRM) for High sticking (Minor) at 0:36, Nico Sturm (PRM) for Tripping (Minor) at 15:24

Overtime #1

5. Peoria Rivermen , Oskar Sundqvist 6 (Zachary Bolduc 6) at 2:04

Penalties :
No Penalty

Goalie Stats

Damian Clara (CBO), 27 saves from 30 shots - (0.900), OTL, 4-1-1, 62:04 minutes
Jaxson Stauber (PRM), 30 saves from 32 shots - (0.938), W, 4-5-1, 62:04 minutes

Players Stats for Cape Breton Oilers

Player Name              G  A  P  +/- PIM S  H  SB GA TA FO     MP     PP MP  PK MP  
------------------------------------------------------------------------------------
                         0  0  0   0  0   0  0  0  0  0  0/0     0:00   0:00   0:00 
Alexandre Texier         0  0  0  -1  0   2  4  1  0  0  0/2    18:01   3:59   0:00 
Brennan Othmann          0  0  0   0  0   2  1  0  0  0  2/5    17:48   0:00   0:00 
Carl Grundstrom          0  0  0  -2  0   5  2  0  0  0  0/0    19:55   3:58   0:44 
Chase Stillman           0  0  0   0  0   0  1  0  0  1  0/0     6:09   0:00   0:00 
Colin White              1  0  1  -1  0   2  0  1  0  0  5/8    18:33   3:59   0:06 
Conor Geekie             0  1  1   0  0   5  0  0  1  0  5/18   20:10   4:12   0:56 
Jonny Brodzinski         0  0  0  -1  0   1  1  0  0  0  1/3    19:56   4:12   0:59 
Josh Bloom               0  0  0   0  0   0  0  0  0  0  0/1     6:46   0:03   0:19 
Kevin Bahl               0  1  1   0  0   3  0  0  1  0  0/0    25:18   4:12   0:57 
Michael Benning          0  0  0   0  0   1  1  0  0  0  0/0     5:52   0:00   0:00 
Nolan Allan              0  0  0   0  0   2  2  2  0  1  0/0    20:34   4:01   1:02 
Patrick Maroon           1  0  1   0  2   5  4  0  0  0  4/6    21:18   4:12   0:00 
Ryan Reaves              0  0  0   0  0   0  3  0  1  0  0/1    16:25   0:02   0:00 
Seamus Casey             0  0  0  -2  0   0  1  2  0  0  0/0    16:12   0:00   0:00 
Vladislav Kolyachonok    0  0  0   0  0   1  0  0  1  0  0/0    20:34   4:01   1:02 
William Trudeau          0  0  0  -2  0   0  0  1  0  0  0/0    14:56   0:00   0:00 
Wyatt Kaiser             0  1  1   0  0   1  0  3  0  1  0/0    20:42   4:12   0:57 
Zack MacEwen             0  0  0   0  0   2  2  0  1  0  0/0    17:07   0:02   0:54 

Players Stats for Peoria Rivermen

Player Name              G  A  P  +/- PIM S  H  SB GA TA FO     MP     PP MP  PK MP  
------------------------------------------------------------------------------------
                         0  0  0   0  0   0  0  0  0  0  0/0     0:00   0:00   0:00 
Colin Blackwell          1  0  1   1  0   2  0  1  1  0  0/1    16:54   0:58   0:00 
Gabriel Szturc           0  0  0   0  0   0  1  0  0  0  1/1     7:42   0:06   1:15 
Jalen Chatfield          0  0  0   1  2   2  1  0  0  1  0/0    21:37   1:04   0:00 
John Leonard             0  0  0  -1  2   5  1  2  0  0  1/1    16:49   0:00   3:12 
Jonas Rondbjerg          0  0  0   1  0   0  2  0  0  1  0/0    15:48   0:58   0:00 
Jonathan Gruden          0  0  0   0  0   0  0  0  0  0  1/1     2:16   0:06   0:08 
Marc Del Gaizo           0  0  0   1  0   0  1  1  1  0  0/0    22:20   0:55   4:23 
Matthew Sop              0  0  0   0  0   0  0  0  0  0  0/1     5:04   0:00   0:00 
Nick Leddy               0  0  0   1  0   0  0  1  1  0  0/0    22:06   0:55   4:09 
Nico Sturm               0  0  0  -1  2   3  1  1  0  0  4/8    17:30   0:00   3:14 
Oskar Sundqvist          2  0  2   2  0   2  0  1  0  0  9/14   16:07   0:55   0:00 
Riley Duran              0  0  0  -1  0   1  1  1  0  0  1/1    18:10   0:00   3:39 
Sean Walker              0  0  0   1  0   2  1  0  0  2  0/0    21:54   1:04   0:45 
Tyler Tucker             0  0  0   0  2   1  0  0  0  0  0/0    18:06   0:00   3:05 
Tyson Kozak              0  1  1   1  0   4  1  0  0  0  6/8    20:58   0:55   3:31 
Yanni Gourde             0  1  1   1  2   5  4  0  0  0  4/8    21:24   1:04   1:27 
Yegor Zamula             0  0  0   0  0   1  4  0  0  1  0/0    19:06   0:00   4:04 
Zachary Bolduc           0  2  2   2  0   2  1  0  0  0  0/0    16:07   0:55   0:00 

3 Stars

1 - Oskar Sundqvist (PRM)
2 - Zachary Bolduc (PRM)
3 - Colin Blackwell (PRM)

Power Play

Cape Breton Oilers - 1 on 5 Attempt(s) - 20.00%
Peoria Rivermen - 0 on 1 Attempt(s) - 0.00%

Penalty Kill

Cape Breton Oilers - 1 on 1 Attempt(s) - 100.00% - Score 0 goal in Penalty Kill
Peoria Rivermen - 4 on 5 Attempt(s) - 80.00% - Score 0 goal in Penalty Kill

Team Stat

Cape Breton Oilers - Hits : 22 - Faceoff Wins : 17 - Blocked Shots : 10 - Penalty Minutes : 2
Peoria Rivermen - Hits : 19 - Faceoff Wins : 27 - Blocked Shots : 8 - Penalty Minutes : 10

Official

Referees : Dan O'Rourke and Chris Lee
Linesman : Mark Shewchyk and Jonathan Deschamps

Game Notes

No Game Note

Cape Breton Oilers

5 vs 5 Forward 
   Center                   Left Wing                Right Wing               Time % Phy DF OF 
 1 Conor Geekie             Patrick Maroon           Jonny Brodzinski         30     1   2  2  
 2 Colin White              Carl Grundstrom          Alexandre Texier         30     1   2  2  
 3 Brennan Othmann          Ryan Reaves              Zack MacEwen             25     1   2  2  
 4 Patrick Maroon           Brennan Othmann          Chase Stillman           15     1   2  2  

5 vs 5 Defense 
   Defense                  Defense                                           Time % Phy DF OF 
 1 Kevin Bahl               Wyatt Kaiser                                      30     1   2  2  
 2 Nolan Allan              Vladislav Kolyachonok                             30     1   2  2  
 3 Seamus Casey             William Trudeau                                   25     1   2  2  
 4 Michael Benning          Kevin Bahl                                        15     1   2  2  

PowerPlay Forward 
   Center                   Left Wing                Right Wing               Time % Phy DF OF 
 1 Conor Geekie             Patrick Maroon           Jonny Brodzinski         50     1   2  2  
 2 Colin White              Carl Grundstrom          Alexandre Texier         50     1   2  2  

PowerPlay Defense
   Defense                  Defense                                           Time % Phy DF OF 
 1 Kevin Bahl               Wyatt Kaiser                                      50     1   2  2  
 2 Nolan Allan              Vladislav Kolyachonok                             50     1   2  2  

Penalty Kill 4 Players Forward 
   Center                   Wing                     Time % Phy DF OF 
 1 Patrick Maroon           Conor Geekie             50     1   2  2  
 2 Jonny Brodzinski         Carl Grundstrom          50     1   2  2  

Penalty Kill 4 Players Defense
   Defense                  Defense                  Time % Phy DF OF 
 1 Kevin Bahl               Wyatt Kaiser             50     1   2  2  
 2 Nolan Allan              Vladislav Kolyachonok    50     1   2  2  

Penalty Kill - 3 Players Forward 
   Forward                                           Time % Phy DF OF 
 1 Patrick Maroon                                    50     1   2  2  
 2 Conor Geekie                                      50     1   2  2  

Penalty Kill - 3 Players Defense
   Defense                  Defense                  Time % Phy DF OF 
 1 Kevin Bahl               Wyatt Kaiser             50     1   2  2  
 2 Nolan Allan              Vladislav Kolyachonok    50     1   2  2  

4 vs 4 Forward 
   Center                   Wing                     Time % Phy DF OF 
 1 Patrick Maroon           Conor Geekie             50     1   2  2  
 2 Jonny Brodzinski         Carl Grundstrom          50     1   2  2  

4 vs 4 Defense
   Defense                  Defense                  Time % Phy DF OF 
 1 Kevin Bahl               Wyatt Kaiser             50     1   2  2  
 2 Nolan Allan              Vladislav Kolyachonok    50     1   2  2  

Last Minutes Offensive
   Center                   Left Wing                Right Wing               Defense                  Defense                  
   Conor Geekie             Patrick Maroon           Jonny Brodzinski         Kevin Bahl               Wyatt Kaiser             

Last Minutes Defensive
   Center                   Left Wing                Right Wing               Defense                  Defense                  
   Conor Geekie             Patrick Maroon           Jonny Brodzinski         Kevin Bahl               Wyatt Kaiser             

Goaltenders
Starting : Damian Clara             
Backup : James Reimer             

Extra Forwards
Normal : Josh Bloom, Ryan Reaves, Zack MacEwen - PP : Josh Bloom, Ryan Reaves - PK : Zack MacEwen
Extra Defensemen
Normal : Seamus Casey, William Trudeau, Michael Benning - PP : Seamus Casey - PK : William Trudeau, Michael Benning
Penalty Shots
Patrick Maroon, Conor Geekie, Jonny Brodzinski, Carl Grundstrom, Colin White

Scratches
Jack Peart (Healthy), Ethan Haider (Healthy), Joel Blomqvist (Healthy)

Peoria Rivermen

5 vs 5 Forward 
   Center                   Left Wing                Right Wing               Time % Phy DF OF 
 1 Yanni Gourde             Colin Blackwell          Jonas Rondbjerg          30     1   2  2  
 2 Oskar Sundqvist          Zachary Bolduc           Tyson Kozak              30     1   2  2  
 3 Nico Sturm               John Leonard             Riley Duran              25     1   2  2  
 4 Tyson Kozak              Matthew Sop              Yanni Gourde             15     1   2  2  

5 vs 5 Defense 
   Defense                  Defense                                           Time % Phy DF OF 
 1 Sean Walker              Jalen Chatfield                                   30     1   2  2  
 2 Marc Del Gaizo           Nick Leddy                                        30     1   2  2  
 3 Yegor Zamula             Tyler Tucker                                      25     1   2  2  
 4 Sean Walker              Jalen Chatfield                                   15     1   2  2  

PowerPlay Forward 
   Center                   Left Wing                Right Wing               Time % Phy DF OF 
 1 Yanni Gourde             Colin Blackwell          Jonas Rondbjerg          50     1   2  2  
 2 Oskar Sundqvist          Zachary Bolduc           Tyson Kozak              50     1   2  2  

PowerPlay Defense
   Defense                  Defense                                           Time % Phy DF OF 
 1 Sean Walker              Jalen Chatfield                                   50     1   2  2  
 2 Marc Del Gaizo           Nick Leddy                                        50     1   2  2  

Penalty Kill 4 Players Forward 
   Center                   Wing                     Time % Phy DF OF 
 1 Nico Sturm               John Leonard             50     1   2  2  
 2 Tyson Kozak              Riley Duran              50     1   2  2  

Penalty Kill 4 Players Defense
   Defense                  Defense                  Time % Phy DF OF 
 1 Yegor Zamula             Tyler Tucker             50     1   2  2  
 2 Marc Del Gaizo           Nick Leddy               50     1   2  2  

Penalty Kill - 3 Players Forward 
   Forward                                           Time % Phy DF OF 
 1 Yanni Gourde                                      50     1   2  2  
 2 Colin Blackwell                                   50     1   2  2  

Penalty Kill - 3 Players Defense
   Defense                  Defense                  Time % Phy DF OF 
 1 Sean Walker              Jalen Chatfield          50     1   2  2  
 2 Marc Del Gaizo           Nick Leddy               50     1   2  2  

4 vs 4 Forward 
   Center                   Wing                     Time % Phy DF OF 
 1 Yanni Gourde             Colin Blackwell          50     1   2  2  
 2 Oskar Sundqvist          Zachary Bolduc           50     1   2  2  

4 vs 4 Defense
   Defense                  Defense                  Time % Phy DF OF 
 1 Sean Walker              Jalen Chatfield          50     1   2  2  
 2 Marc Del Gaizo           Nick Leddy               50     1   2  2  

Last Minutes Offensive
   Center                   Left Wing                Right Wing               Defense                  Defense                  
   Yanni Gourde             Colin Blackwell          Jonas Rondbjerg          Sean Walker              Jalen Chatfield          

Last Minutes Defensive
   Center                   Left Wing                Right Wing               Defense                  Defense                  
   Yanni Gourde             Colin Blackwell          Jonas Rondbjerg          Sean Walker              Jalen Chatfield          

Goaltenders
Starting : Jaxson Stauber           
Backup : Unknown Goalie           

Extra Forwards
Normal : Gabriel Szturc, Jonathan Gruden, Nico Sturm - PP : Gabriel Szturc, Jonathan Gruden - PK : Nico Sturm
Extra Defensemen
Normal : Yegor Zamula, Tyler Tucker, Marc Del Gaizo - PP : Yegor Zamula - PK : Tyler Tucker, Marc Del Gaizo
Penalty Shots
Yanni Gourde, Colin Blackwell, Oskar Sundqvist, Zachary Bolduc, Nico Sturm

Scratches
Ryan Ufko (Healthy), Victor Soderstrom (Healthy), Tanner Fritz (Healthy), Matt Kessel (Healthy), Will Cranley (Healthy)

% Time on Ice - Cape Breton Oilers

Lines # - Real PCT - Wanted PCT - Time Play
Normal Forward
1 - 28% - 30% - 14:01
2 - 29% - 30% - 14:27
3 - 30% - 25% - 15:11
4 - 12% - 15% - 6:09
Normal Defense
1 - 29% - 30% - 14:24
2 - 29% - 30% - 14:36
3 - 30% - 25% - 14:56
4 - 12% - 15% - 5:52
PP Forward
1 - 51% - 50% - 4:12
2 - 49% - 50% - 4:01
PP Defense
1 - 51% - 50% - 4:12
2 - 49% - 50% - 4:01
PK Forward
1 - 63% - 50% - 1:15
2 - 37% - 50% - 0:44
PK Defense
1 - 48% - 50% - 0:57
2 - 52% - 50% - 1:02
PK3 Forward
1 - 0% - 50%
2 - 0% - 50%
PK3 Defense
1 - 0% - 50%
2 - 0% - 50%
44 Forward
1 - 52% - 50% - 1:05
2 - 48% - 50% - 0:59
44 Defense
1 - 56% - 50% - 1:09
2 - 44% - 50% - 0:55
Last Minute Offensive  - 0:00
Last Minute Defensive  - 0:00
Total
Forward - 62:04
Defense - 62:04

% Time on Ice - Peoria Rivermen

Lines # - Real PCT - Wanted PCT - Time Play
Normal Forward
1 - 31% - 30% - 15:26
2 - 32% - 30% - 15:43
3 - 27% - 25% - 13:35
4 - 10% - 15% - 5:04
Normal Defense
1 - 30% - 30% - 14:42
2 - 32% - 30% - 15:55
3 - 27% - 25% - 13:40
4 - 11% - 15% - 5:31
PP Forward
1 - 54% - 50% - 1:04
2 - 46% - 50% - 0:55
PP Defense
1 - 54% - 50% - 1:04
2 - 46% - 50% - 0:55
PK Forward
1 - 56% - 50% - 4:34
2 - 44% - 50% - 3:39
PK Defense
1 - 49% - 50% - 4:04
2 - 51% - 50% - 4:09
PK3 Forward
1 - 0% - 50%
2 - 0% - 50%
PK3 Defense
1 - 0% - 50%
2 - 0% - 50%
44 Forward
1 - 53% - 50% - 1:06
2 - 47% - 50% - 0:58
44 Defense
1 - 46% - 50% - 0:57
2 - 54% - 50% - 1:07
Last Minute Offensive  - 0:00
Last Minute Defensive  - 0:00
Total
Forward - 62:04
Defense - 62:04

Play-by-Play

1st period


0:01 of 1st period - Yanni Gourde wins face-off versus Conor Geekie in neutral zone.
0:52 of 1st period - Vladislav Kolyachonok is hit by Zachary Bolduc and loses puck.
1:05 of 1st period - Yegor Zamula is hit by Patrick Maroon and loses puck.
1:20 of 1st period - Wrist shot by Tyson Kozak.
1:20 of 1st period - Shot Misses the Net.
1:39 of 1st period - Wrist shot by Nico Sturm.
1:39 of 1st period - Stopped by Damian Clara without a rebound.
1:40 of 1st period - Brennan Othmann wins face-off versus Nico Sturm in Cape Breton Oilers zone.
2:03 of 1st period - Seamus Casey is hit by Yanni Gourde and loses puck.
2:12 of 1st period - Wrist shot by Colin Blackwell.
2:12 of 1st period - Shot Misses the Net.
2:14 of 1st period - Wrist shot by Colin Blackwell.
2:14 of 1st period - Goal by Colin Blackwell - Cape Breton Oilers : 0 - Peoria Rivermen : 1.
2:15 of 1st period - Patrick Maroon wins face-off versus Tyson Kozak in neutral zone.
2:26 of 1st period - Snap shot by Patrick Maroon.
2:26 of 1st period - Shot Misses the Net.
2:40 of 1st period - Yanni Gourde is hit by Michael Benning and loses puck.
3:03 of 1st period - Wrist shot by John Leonard.
3:03 of 1st period - Stopped by Damian Clara without a rebound.
3:04 of 1st period - Nico Sturm wins face-off versus Brennan Othmann in Cape Breton Oilers zone.
3:27 of 1st period - Snap shot by John Leonard.
3:27 of 1st period - Shot Misses the Net.
3:29 of 1st period - Slapshot by Yegor Zamula.
3:29 of 1st period - Shot Blocked by Wyatt Kaiser.
3:31 of 1st period - Slapshot by Yegor Zamula.
3:31 of 1st period - Stopped by Damian Clara with a rebound.
3:33 of 1st period - Slapshot by Tyler Tucker.
3:33 of 1st period - Stopped by Damian Clara with a rebound.
3:35 of 1st period - Slapshot by Tyler Tucker.
3:35 of 1st period - Shot Misses the Net.
3:37 of 1st period - Snap shot by John Leonard.
3:37 of 1st period - Stopped by Damian Clara without a rebound.
3:38 of 1st period - Tyson Kozak wins face-off versus Conor Geekie in Cape Breton Oilers zone.
3:41 of 1st period - Wrist shot by Tyson Kozak.
3:41 of 1st period - Stopped by Damian Clara without a rebound.
3:42 of 1st period - Conor Geekie wins face-off versus Matthew Sop in Cape Breton Oilers zone.
3:42 of 1st period - Conor Geekie is hit by Yegor Zamula.
3:45 of 1st period - Minor Penalty to Patrick Maroon for High sticking.
3:46 of 1st period - Yanni Gourde wins face-off versus Conor Geekie in Cape Breton Oilers zone.
4:37 of 1st period - Marc Del Gaizo is hit by Zack MacEwen and loses puck.
5:45 of 1st period - Penalty to Patrick Maroon is over, Patrick Maroon is back on ice.
5:45 of 1st period - Jonathan Gruden is hit by Carl Grundstrom and loses puck.
6:12 of 1st period - Snap shot by Nico Sturm.
6:12 of 1st period - Shot Misses the Net.
6:14 of 1st period - Slapshot by Nick Leddy.
6:14 of 1st period - Shot Misses the Net.
7:07 of 1st period - Icing by John Leonard.
7:08 of 1st period - Oskar Sundqvist wins face-off versus Conor Geekie in Peoria Rivermen zone.
7:42 of 1st period - Backhand shot by Nico Sturm.
7:42 of 1st period - Deflect By John Leonard.
7:42 of 1st period - Stopped by Damian Clara without a rebound.
7:43 of 1st period - Oskar Sundqvist wins face-off versus Conor Geekie in Cape Breton Oilers zone.
8:08 of 1st period - Tyler Tucker is hit by Ryan Reaves and loses puck.
8:31 of 1st period - Snap shot by Carl Grundstrom.
8:31 of 1st period - Shot Blocked by Riley Duran.
8:35 of 1st period - Wrist shot by Alexandre Texier.
8:35 of 1st period - Stopped by Jaxson Stauber with a rebound.
8:37 of 1st period - Snap shot by Kevin Bahl.
8:37 of 1st period - Shot Blocked by Nico Sturm.
9:20 of 1st period - Snap shot by Conor Geekie.
9:20 of 1st period - Stopped by Jaxson Stauber with a rebound.
9:22 of 1st period - Slapshot by Conor Geekie.
9:22 of 1st period - Stopped by Jaxson Stauber with a rebound.
9:28 of 1st period - Minor Penalty to Jalen Chatfield for Holding.
9:29 of 1st period - Nico Sturm wins face-off versus Colin White in Peoria Rivermen zone.
11:14 of 1st period - Yegor Zamula is hit by Patrick Maroon.
11:28 of 1st period - Penalty to Jalen Chatfield is over, Jalen Chatfield is back on ice.
11:32 of 1st period - Slapshot by Zack MacEwen.
11:32 of 1st period - Shot Misses the Net.
11:52 of 1st period - Wrist shot by Riley Duran.
11:52 of 1st period - Stopped by Damian Clara with a rebound.
11:54 of 1st period - Backhand shot by Tyler Tucker.
11:54 of 1st period - Shot Misses the Net.
12:07 of 1st period - Slapshot by Jalen Chatfield.
12:07 of 1st period - Shot Misses the Net.
12:09 of 1st period - Snap shot by Riley Duran.
12:09 of 1st period - Shot Blocked by William Trudeau.
12:11 of 1st period - Snap shot by Jalen Chatfield.
12:11 of 1st period - Shot Blocked by Seamus Casey.
12:13 of 1st period - Slapshot by Yegor Zamula.
12:13 of 1st period - Deflect By Riley Duran.
12:13 of 1st period - Shot Misses the Net.
12:13 of 1st period - Puck is out of play.
12:14 of 1st period - Yanni Gourde wins face-off versus Alexandre Texier in Cape Breton Oilers zone.
13:23 of 1st period - Icing by Nick Leddy.
13:24 of 1st period - Oskar Sundqvist wins face-off versus Brennan Othmann in Peoria Rivermen zone.
13:36 of 1st period - Wrist shot by Zachary Bolduc.
13:36 of 1st period - Stopped by Damian Clara without a rebound.
13:37 of 1st period - Colin White wins face-off versus Yanni Gourde in Cape Breton Oilers zone.
13:37 of 1st period - Colin White is hit by Sean Walker.
13:45 of 1st period - Snap shot by Colin White.
13:45 of 1st period - Stopped by Jaxson Stauber with a rebound.
14:32 of 1st period - Snap shot by Yanni Gourde.
14:32 of 1st period - Shot Misses the Net.
14:46 of 1st period - Wrist shot by Colin Blackwell.
14:46 of 1st period - Shot Blocked by Nolan Allan.
14:48 of 1st period - Slapshot by Jalen Chatfield.
14:48 of 1st period - Stopped by Damian Clara with a rebound.
14:50 of 1st period - Wrist shot by Sean Walker.
14:50 of 1st period - Shot Blocked by Nolan Allan.
14:52 of 1st period - Slapshot by Sean Walker.
14:52 of 1st period - Stopped by Damian Clara with a rebound.
14:54 of 1st period - Snap shot by Yanni Gourde.
14:54 of 1st period - Stopped by Damian Clara with a rebound.
14:56 of 1st period - Snap shot by Colin Blackwell.
14:56 of 1st period - Shot Misses the Net.
15:10 of 1st period - Snap shot by Yanni Gourde.
15:10 of 1st period - Stopped by Damian Clara with a rebound.
15:12 of 1st period - Snap shot by Yanni Gourde.
15:12 of 1st period - Shot Hit the Post.
15:22 of 1st period - Snap shot by Yanni Gourde.
15:22 of 1st period - Stopped by Damian Clara with a rebound.
15:24 of 1st period - Snap shot by Sean Walker.
15:24 of 1st period - Stopped by Damian Clara without a rebound.
15:25 of 1st period - Oskar Sundqvist wins face-off versus Conor Geekie in Cape Breton Oilers zone.
15:34 of 1st period - Snap shot by Zachary Bolduc.
15:34 of 1st period - Stopped by Damian Clara without a rebound.
15:35 of 1st period - Oskar Sundqvist wins face-off versus Conor Geekie in Cape Breton Oilers zone.
15:36 of 1st period - Wrist shot by Zachary Bolduc.
15:36 of 1st period - Shot Blocked by Wyatt Kaiser.
15:38 of 1st period - Snap shot by Yegor Zamula.
15:38 of 1st period - Deflect By Oskar Sundqvist.
15:38 of 1st period - Shot Misses the Net.
15:38 of 1st period - Puck is out of play.
15:39 of 1st period - Riley Duran wins face-off versus Jonny Brodzinski in Cape Breton Oilers zone.
15:42 of 1st period - Wrist shot by John Leonard.
15:42 of 1st period - Stopped by Damian Clara with a rebound.
16:12 of 1st period - Wrist shot by Oskar Sundqvist.
16:12 of 1st period - Goal by Oskar Sundqvist - Cape Breton Oilers : 0 - Peoria Rivermen : 2.
16:13 of 1st period - Conor Geekie wins face-off versus Oskar Sundqvist in neutral zone.
16:49 of 1st period - Wrist shot by Nico Sturm.
16:49 of 1st period - Stopped by Damian Clara with a rebound.
17:01 of 1st period - Slapshot by Zack MacEwen.
17:01 of 1st period - Shot Blocked by Marc Del Gaizo.
17:17 of 1st period - Slapshot by Patrick Maroon.
17:17 of 1st period - Stopped by Jaxson Stauber with a rebound.
17:19 of 1st period - Slapshot by Vladislav Kolyachonok.
17:19 of 1st period - Shot Blocked by Nick Leddy.
17:21 of 1st period - Slapshot by Nolan Allan.
17:21 of 1st period - Shot Blocked by Oskar Sundqvist.
17:33 of 1st period - Wrist shot by John Leonard.
17:33 of 1st period - Deflect By Nico Sturm.
17:33 of 1st period - Stopped by Damian Clara with a rebound.
17:43 of 1st period - Minor Penalty to Tyler Tucker for Interference.
17:44 of 1st period - Patrick Maroon wins face-off versus Nico Sturm in Peoria Rivermen zone.
17:53 of 1st period - Wrist shot by Conor Geekie.
17:53 of 1st period - Shot Blocked by John Leonard.
17:55 of 1st period - Snap shot by Vladislav Kolyachonok.
17:55 of 1st period - Shot Blocked by John Leonard.
17:57 of 1st period - Snap shot by Jonny Brodzinski.
17:57 of 1st period - Shot Misses the Net.
17:59 of 1st period - Snap shot by Patrick Maroon.
17:59 of 1st period - Stopped by Jaxson Stauber with a rebound.
18:15 of 1st period - Wrist shot by Tyson Kozak.
18:15 of 1st period - Shot Hit the Post.
18:17 of 1st period - Snap shot by Tyson Kozak.
18:17 of 1st period - Shot Blocked by Alexandre Texier.
18:33 of 1st period - Kevin Bahl is hit by Yegor Zamula and loses puck.
18:44 of 1st period - Riley Duran is hit by Alexandre Texier and loses puck.
18:58 of 1st period - Icing by Carl Grundstrom.
18:59 of 1st period - Nico Sturm wins face-off versus Conor Geekie in Cape Breton Oilers zone.
19:43 of 1st period - Penalty to Tyler Tucker is over, Tyler Tucker is back on ice.
19:47 of 1st period - Carl Grundstrom is hit by Yegor Zamula and loses puck.
19:54 of 1st period - Wrist shot by Tyson Kozak.
19:54 of 1st period - Stopped by Damian Clara with a rebound.
Goals for this period are 0 for Cape Breton Oilers vs 2 for Peoria Rivermen.
Shots for this period are 6 for Cape Breton Oilers vs 22 for Peoria Rivermen.

2nd period


0:01 of 2nd period - Tyson Kozak wins face-off versus Conor Geekie in neutral zone.
0:28 of 2nd period - Slapshot by Carl Grundstrom.
0:28 of 2nd period - Shot Misses the Net.
0:30 of 2nd period - Slapshot by Kevin Bahl.
0:30 of 2nd period - Stopped by Jaxson Stauber with a rebound.
0:52 of 2nd period - Snap shot by Colin Blackwell.
0:52 of 2nd period - Stopped by Damian Clara without a rebound.
0:53 of 2nd period - Brennan Othmann wins face-off versus Colin Blackwell in Cape Breton Oilers zone.
1:22 of 2nd period - Wrist shot by Ryan Reaves.
1:22 of 2nd period - Shot Misses the Net.
1:54 of 2nd period - Wrist shot by Yanni Gourde.
1:54 of 2nd period - Stopped by Damian Clara with a rebound.
1:56 of 2nd period - Slapshot by Jalen Chatfield.
1:56 of 2nd period - Stopped by Damian Clara without a rebound.
1:57 of 2nd period - Conor Geekie wins face-off versus Oskar Sundqvist in Cape Breton Oilers zone.
2:24 of 2nd period - Alexandre Texier is hit by John Leonard and loses puck.
2:31 of 2nd period - Snap shot by John Leonard.
2:31 of 2nd period - Stopped by Damian Clara without a rebound.
2:32 of 2nd period - Colin White wins face-off versus Nico Sturm in Cape Breton Oilers zone.
2:32 of 2nd period - Colin White is hit by Marc Del Gaizo.
2:40 of 2nd period - Snap shot by Carl Grundstrom.
2:40 of 2nd period - Stopped by Jaxson Stauber with a rebound.
2:42 of 2nd period - Backhand shot by Colin White.
2:42 of 2nd period - Shot Misses the Net.
2:44 of 2nd period - Minor Penalty to John Leonard for Delaying the game.
2:45 of 2nd period - Tyson Kozak wins face-off versus Colin White in Peoria Rivermen zone.
2:51 of 2nd period - Icing by Carl Grundstrom.
2:52 of 2nd period - Nico Sturm wins face-off versus Colin White in Cape Breton Oilers zone.
2:57 of 2nd period - Backhand shot by Nico Sturm.
2:57 of 2nd period - Shot Blocked by Colin White.
3:31 of 2nd period - Tyson Kozak is hit by Alexandre Texier.
3:49 of 2nd period - Wrist shot by Jonny Brodzinski.
3:49 of 2nd period - Stopped by Jaxson Stauber with a rebound.
3:51 of 2nd period - Slapshot by Nolan Allan.
3:51 of 2nd period - Stopped by Jaxson Stauber with a rebound.
4:41 of 2nd period - Riley Duran is hit by Patrick Maroon and loses puck.
4:44 of 2nd period - Penalty to John Leonard is over, John Leonard is back on ice.
5:20 of 2nd period - Nico Sturm is hit by Ryan Reaves.
5:46 of 2nd period - Yegor Zamula is hit by Seamus Casey and loses puck.
6:27 of 2nd period - John Leonard is hit by Zack MacEwen and loses puck.
8:24 of 2nd period - Marc Del Gaizo is hit by Brennan Othmann and loses puck.
9:23 of 2nd period - Jonny Brodzinski is hit by Yanni Gourde and loses puck.
10:41 of 2nd period - Icing by John Leonard.
10:42 of 2nd period - Tyson Kozak wins face-off versus Brennan Othmann in Peoria Rivermen zone.
11:25 of 2nd period - Ryan Reaves is hit by Nico Sturm and loses puck.
14:24 of 2nd period - Tyson Kozak is hit by Chase Stillman and loses puck.
15:11 of 2nd period - Icing by Yegor Zamula.
15:12 of 2nd period - Tyson Kozak wins face-off versus Ryan Reaves in Peoria Rivermen zone.
15:39 of 2nd period - Jalen Chatfield is hit by Alexandre Texier and loses puck.
15:46 of 2nd period - Snap shot by Carl Grundstrom.
15:46 of 2nd period - Stopped by Jaxson Stauber with a rebound.
16:36 of 2nd period - Slapshot by Kevin Bahl.
16:36 of 2nd period - Shot Blocked by Colin Blackwell.
Goals for this period are 0 for Cape Breton Oilers vs 0 for Peoria Rivermen.
Shots for this period are 5 for Cape Breton Oilers vs 4 for Peoria Rivermen.

3rd period


0:01 of 3rd period - Tyson Kozak wins face-off versus Conor Geekie in neutral zone.
0:08 of 3rd period - Wrist shot by Tyson Kozak.
0:08 of 3rd period - Stopped by Damian Clara with a rebound.
0:16 of 3rd period - Snap shot by Patrick Maroon.
0:16 of 3rd period - Stopped by Jaxson Stauber with a rebound.
0:36 of 3rd period - Minor Penalty to Yanni Gourde for High sticking.
0:37 of 3rd period - Conor Geekie wins face-off versus Nico Sturm in Peoria Rivermen zone.
0:41 of 3rd period - Snap shot by Conor Geekie.
0:41 of 3rd period - Stopped by Jaxson Stauber with a rebound.
0:43 of 3rd period - Slapshot by Vladislav Kolyachonok.
0:43 of 3rd period - Stopped by Jaxson Stauber without a rebound.
0:44 of 3rd period - John Leonard wins face-off versus Conor Geekie in Peoria Rivermen zone.
0:53 of 3rd period - Snap shot by Patrick Maroon.
0:53 of 3rd period - Goal by Patrick Maroon - Cape Breton Oilers : 1 - Peoria Rivermen : 2.
0:54 of 3rd period - Oskar Sundqvist wins face-off versus Conor Geekie in neutral zone.
1:20 of 3rd period - Colin Blackwell is hit by Carl Grundstrom and loses puck.
1:39 of 3rd period - Slapshot by Nolan Allan.
1:39 of 3rd period - Stopped by Jaxson Stauber with a rebound.
1:49 of 3rd period - Snap shot by Brennan Othmann.
1:49 of 3rd period - Deflect By Tyler Tucker.
1:49 of 3rd period - Stopped by Jaxson Stauber without a rebound.
1:50 of 3rd period - Jonny Brodzinski wins face-off versus Yanni Gourde in Peoria Rivermen zone.
2:03 of 3rd period - Slapshot by Nick Leddy.
2:03 of 3rd period - Deflect By Yanni Gourde.
2:03 of 3rd period - Stopped by Damian Clara without a rebound.
2:04 of 3rd period - Colin White wins face-off versus Oskar Sundqvist in Cape Breton Oilers zone.
2:17 of 3rd period - Backhand shot by Alexandre Texier.
2:17 of 3rd period - Shot Misses the Net.
2:19 of 3rd period - Wrist shot by Alexandre Texier.
2:19 of 3rd period - Shot Misses the Net.
2:52 of 3rd period - Nick Leddy is hit by Ryan Reaves.
3:12 of 3rd period - Wrist shot by Alexandre Texier.
3:12 of 3rd period - Stopped by Jaxson Stauber with a rebound.
3:14 of 3rd period - Backhand shot by Carl Grundstrom.
3:14 of 3rd period - Stopped by Jaxson Stauber with a rebound.
3:26 of 3rd period - Slapshot by Kevin Bahl.
3:26 of 3rd period - Stopped by Jaxson Stauber with a rebound.
3:28 of 3rd period - Wrist shot by Michael Benning.
3:28 of 3rd period - Stopped by Jaxson Stauber with a rebound.
3:30 of 3rd period - Wrist shot by Chase Stillman.
3:30 of 3rd period - Shot Misses the Net.
3:40 of 3rd period - Yegor Zamula is hit by Jonny Brodzinski and loses puck.
4:27 of 3rd period - John Leonard is hit by Nolan Allan and loses puck.
4:46 of 3rd period - Carl Grundstrom is hit by Tyson Kozak and loses puck.
6:55 of 3rd period - Nick Leddy is hit by Alexandre Texier and loses puck.
8:24 of 3rd period - Brennan Othmann is hit by Riley Duran and loses puck.
9:14 of 3rd period - Ryan Reaves is hit by Gabriel Szturc and loses puck.
9:37 of 3rd period - Conor Geekie is hit by Jonas Rondbjerg and loses puck.
9:47 of 3rd period - Icing by Nick Leddy.
9:48 of 3rd period - Jonathan Gruden wins face-off versus Alexandre Texier in Peoria Rivermen zone.
10:17 of 3rd period - Slapshot by John Leonard.
10:17 of 3rd period - Shot Blocked by Seamus Casey.
10:43 of 3rd period - Snap shot by Zack MacEwen.
10:43 of 3rd period - Shot Hit the Post.
10:53 of 3rd period - Seamus Casey is hit by Yanni Gourde and loses puck.
11:08 of 3rd period - Slapshot by Brennan Othmann.
11:08 of 3rd period - Stopped by Jaxson Stauber with a rebound.
11:16 of 3rd period - Ryan Reaves is hit by Jonas Rondbjerg and loses puck.
11:25 of 3rd period - Slapshot by Colin Blackwell.
11:25 of 3rd period - Shot Misses the Net.
11:27 of 3rd period - Snap shot by Yanni Gourde.
11:27 of 3rd period - Deflect By Jonas Rondbjerg.
11:27 of 3rd period - Shot Misses the Net.
11:27 of 3rd period - Puck is out of play.
11:28 of 3rd period - Conor Geekie wins face-off versus Oskar Sundqvist in Cape Breton Oilers zone.
11:37 of 3rd period - Wrist shot by Jonny Brodzinski.
11:37 of 3rd period - Shot Misses the Net.
11:39 of 3rd period - Snap shot by Wyatt Kaiser.
11:39 of 3rd period - Shot Misses the Net.
11:41 of 3rd period - Wrist shot by Conor Geekie.
11:41 of 3rd period - Stopped by Jaxson Stauber with a rebound.
11:43 of 3rd period - Snap shot by Patrick Maroon.
11:43 of 3rd period - Shot Misses the Net.
11:53 of 3rd period - Wyatt Kaiser is hit by Yegor Zamula and loses puck.
12:03 of 3rd period - Backhand shot by Colin White.
12:03 of 3rd period - Goal by Colin White - Cape Breton Oilers : 2 - Peoria Rivermen : 2.
12:04 of 3rd period - Oskar Sundqvist wins face-off versus Conor Geekie in neutral zone.
13:16 of 3rd period - Snap shot by Tyson Kozak.
13:16 of 3rd period - Stopped by Damian Clara with a rebound.
13:40 of 3rd period - William Trudeau is hit by Yanni Gourde and loses puck.
14:28 of 3rd period - Seamus Casey is hit by Jalen Chatfield and loses puck.
15:00 of 3rd period - Icing by Colin White.
15:01 of 3rd period - Oskar Sundqvist wins face-off versus Patrick Maroon in Cape Breton Oilers zone.
15:24 of 3rd period - Minor Penalty to Nico Sturm for Tripping.
15:25 of 3rd period - Colin White wins face-off versus Tyson Kozak in Peoria Rivermen zone.
15:57 of 3rd period - John Leonard is hit by Patrick Maroon and loses puck.
17:24 of 3rd period - Penalty to Nico Sturm is over, Nico Sturm is back on ice.
17:28 of 3rd period - Snap shot by Nico Sturm.
17:28 of 3rd period - Shot Blocked by Wyatt Kaiser.
17:40 of 3rd period - Slapshot by Zack MacEwen.
17:40 of 3rd period - Stopped by Jaxson Stauber with a rebound.
17:42 of 3rd period - Slapshot by Kevin Bahl.
17:42 of 3rd period - Stopped by Jaxson Stauber without a rebound.
17:43 of 3rd period - Colin White wins face-off versus Oskar Sundqvist in Peoria Rivermen zone.
18:20 of 3rd period - Slapshot by Zack MacEwen.
18:20 of 3rd period - Stopped by Jaxson Stauber with a rebound.
19:23 of 3rd period - Off-side.
19:24 of 3rd period - Gabriel Szturc wins face-off versus Josh Bloom in neutral zone.
Goals for this period are 2 for Cape Breton Oilers vs 0 for Peoria Rivermen.
Shots for this period are 16 for Cape Breton Oilers vs 3 for Peoria Rivermen.

Overtime #1


0:01 of 1st overtime period - Patrick Maroon wins face-off versus Yanni Gourde in neutral zone.
0:49 of 1st overtime period - Oskar Sundqvist is hit by Nolan Allan.
1:05 of 1st overtime period - Wrist shot by Carl Grundstrom.
1:05 of 1st overtime period - Stopped by Jaxson Stauber with a rebound.
1:07 of 1st overtime period - Snap shot by Carl Grundstrom.
1:07 of 1st overtime period - Shot Misses the Net.
1:09 of 1st overtime period - Snap shot by Carl Grundstrom.
1:09 of 1st overtime period - Shot Hit the Post.
1:11 of 1st overtime period - Snap shot by Carl Grundstrom.
1:11 of 1st overtime period - Stopped by Jaxson Stauber without a rebound.
1:12 of 1st overtime period - Patrick Maroon wins face-off versus Yanni Gourde in Peoria Rivermen zone.
1:15 of 1st overtime period - Wrist shot by Conor Geekie.
1:15 of 1st overtime period - Shot Misses the Net.
1:17 of 1st overtime period - Snap shot by Patrick Maroon.
1:17 of 1st overtime period - Stopped by Jaxson Stauber with a rebound.
1:19 of 1st overtime period - Slapshot by Kevin Bahl.
1:19 of 1st overtime period - Shot Misses the Net.
1:21 of 1st overtime period - Slapshot by Wyatt Kaiser.
1:21 of 1st overtime period - Stopped by Jaxson Stauber without a rebound.
1:22 of 1st overtime period - Yanni Gourde wins face-off versus Patrick Maroon in Peoria Rivermen zone.
1:54 of 1st overtime period - Wrist shot by Conor Geekie.
1:54 of 1st overtime period - Stopped by Jaxson Stauber with a rebound.
1:56 of 1st overtime period - Slapshot by Wyatt Kaiser.
1:56 of 1st overtime period - Deflect By Conor Geekie.
1:56 of 1st overtime period - Shot Misses the Net.
1:56 of 1st overtime period - Puck is out of play.
1:57 of 1st overtime period - Oskar Sundqvist wins face-off versus Jonny Brodzinski in Peoria Rivermen zone.
2:04 of 1st overtime period - Wrist shot by Oskar Sundqvist.
2:04 of 1st overtime period - Goal by Oskar Sundqvist - Cape Breton Oilers : 2 - Peoria Rivermen : 3.
Goals for this period are 0 for Cape Breton Oilers vs 1 for Peoria Rivermen.
Shots for this period are 5 for Cape Breton Oilers vs 1 for Peoria Rivermen.